 Dungeon Crawl Stone Soup version 0.23.1-37-gaa34b87b72 (webtiles) character file.

Game seed: 0

113 esentino the Poker (level 4, 0/41 HPs)
             Began as a Hill Orc Monk on Mar 8, 2019.
             Was a Believer of Nemelex Xobeh.
             Killed from afar by an orc wizard (7 damage)
             ... with a magic dart
             ... on level 3 of the Dungeon on Mar 25, 2019.
             The game lasted 00:11:15 (2271 turns).

esentino the Poker (Hill Orc Monk)                  Turns: 2271, Time: 00:11:16

Health: 0/41       AC:  2    Str: 14    XL:     4   Next: 96%
Magic:  4/4        EV: 13    Int: 10    God:    Nemelex Xobeh [**....]
Gold:   116        SH:  0    Dex: 11    Spells: 3/3 levels left

rFire    . . .     SeeInvis +   a - +0 spear
rCold    . . .     Gourm    .   (no shield)
rNeg     . . .     Faith    .   b - +0 robe
rPois    .         Spirit   .   (no helmet)
rElec    .         Reflect  .   (no cloak)
rCorr    .         Harm     .   (no gloves)
MR       .....                  (no boots)
Stlth    ++........             (no amulet)
HPRegen  0.13/turn              h - -2 ring of dexterity (curse)
MPRegen  0.09/turn              k - ring of see invisible

@: no status effects
A: no striking features
a: Draw Escape, Draw Destruction, Draw Summoning, Renounce Religion


You were on level 3 of the Dungeon.
You worshipped Nemelex Xobeh.
Nemelex Xobeh was pleased with you.
You were hungry.

You visited 1 branch of the dungeon, and saw 3 of its levels.

You collected 116 gold pieces.

Inventory:

Hand Weapons
 a - a +0 spear (weapon)
 m - a +0 hunting sling
Missiles
 n - 36 stones (quivered)
Armour
 b - a +0 robe (worn)
 g - a +1 helmet
Jewellery
 h - a cursed -2 ring of dexterity (left hand)
 i - an uncursed ring of stealth
 k - a ring of see invisible (right hand)
Scrolls
 f - 2 scrolls of teleportation
 o - a scroll of amnesia {unknown}
Potions
 d - a potion of invisibility {unknown}
 e - 2 potions of curing {unknown}
 j - a potion of lignification {unknown}
 l - a potion of agility {unknown}
Comestibles
 c - 6 rations
 p - 11 chunks of flesh


   Skills:
 + Level 4.4 Fighting
 + Level 4.6 Polearms
 + Level 3.0 Dodging
 + Level 2.0 Stealth


You had 3 spell levels left.
You didn't know any spells.
Your spell library contained the following spells:

 Spells                   Type           Power        Failure   Level  Hunger
 Corona                   Hex            #......      36%         1    ##.....
 Ensorcelled Hibernation  Hex/Ice        #.....       50%         2    ###....
 Confuse                  Hex            #.......     75%         3    ####...
 Dazzling Spray           Conj/Hex       #.....       75%         3    ####...
 Tukima's Dance           Hex            #.......     75%         3    ####...


Dungeon Overview and Level Annotations

Branches:
Dungeon (3/15)

Altars:
Elyvilon
Fedhas
Nemelex Xobeh
The Shining One


Message History

The orc wizard is moderately wounded.
The orc wizard hits you but does no damage.
You closely miss the orc wizard.
The orc wizard is moderately wounded.
The orc wizard points at you and mumbles some strange words.
The puff of frost hits you!
* * * LOW HITPOINT WARNING * * *
The orc wizard barely misses you.
You hit the orc wizard.
The orc wizard is severely wounded.
The orc wizard misses you.
You hit the orc wizard.
The orc wizard is almost dead.
The orc wizard hits you but does no damage.
You hit the orc wizard but do no damage.
The orc wizard is almost dead.
The orc wizard gestures at you while chanting.
The magic dart hits you!
You die...
Your body disappears without a glow.

.##.......#
#..#.#._.#..#
...########
##....#.#...#
#..##.....#
#.#...#....#
#..##.....#
#..........#
#.........#
#..........#
....#.....#
##...#######
..#.#.....#
##.##
....#######
#.# ....# #@#
###.# #o# #
#.#


oo# . #.# #### # .# You could see an orc wizard (invisible) and 2 orcs.

Vanquished Creatures
  5 adders
  2 worms
  4 dart slugs
  A leopard gecko (D:1)
  8 orcs (D:3)
  2 giant cockroaches
  2 goblins
  5 hobgoblins
  2 quokkas (D:2)
  6 bats
  2 frilled lizards
  5 kobolds
  4 rats
  2 fungi (D:2)
50 creatures vanquished.

Notes
Turn   | Place    | Note
-------+----------+-------------------------------------------
     0 | D:1      | esentino the Hill Orc Monk began the quest for the Orb.
     0 | D:1      | Reached XP level 1. HP: 19/19 MP: 1/1
   188 | D:1      | Reached XP level 2. HP: 27/27 MP: 2/2
   378 | D:1      | Found a sparkling altar of Nemelex Xobeh.
   671 | D:1      | Became a worshipper of Nemelex Xobeh the Trickster
   671 | D:1      | Received a gift from Nemelex Xobeh
   671 | D:1      | Reached * piety under Nemelex Xobeh
   671 | D:1      | Reached ** piety under Nemelex Xobeh
   712 | D:2      | Reached XP level 3. HP: 33/33 MP: 3/3
   755 | D:2      | Upgraded the game from 0.23.1 to 0.23.1-37-gaa34b87b72
   953 | D:2      | Received a gift from Nemelex Xobeh
   976 | D:2      | Found a blossoming altar of Fedhas.
  1151 | D:2      | Reached XP level 4. HP: 12/40 MP: 4/4
  1513 | D:3      | Found a glowing golden altar of the Shining One.
  1545 | D:3      | Found a white marble altar of Elyvilon.
  1955 | D:3      | Received a gift from Nemelex Xobeh
  2240 | D:3      | Found a faded altar of an unknown god.
  2271 | D:3      | Killed from afar by an orc wizard

Skill      XL: |  1  2  3  4 |
---------------+-------------+-----
Fighting       | 4 |  4.4
Polearms       | 4 |  4.6
Stealth        | 2 |  2.0
Dodging        | 3 |  3.0

Action                   |  1- 3 |  4- 6 || total
-------------------------+-------+-------++-------
Melee: Spear             |   144 |    87 ||   231
  Use: Scroll            |       |     3 ||     3
 Stab: Sleeping          |     4 |     2 ||     6
  Eat: Chunk             |     1 |     3 ||     4
Armor: Robe              |    14 |     7 ||    21
Dodge: Dodged            |    74 |    45 ||   119
